 Dungeon Crawl Stone Soup version 0.19.5 (webtiles) character file.

94 McKennaii the Skirmisher (level 4, 0/37 HPs)
             Began as a Demonspawn Abyssal Knight on Apr 28, 2017.
             Was a Follower of Lugonu.
             Succumbed to a worker ant's poison
             ... on level 3 of the Dungeon.
             The game lasted 00:05:09 (1901 turns).

McKennaii the Skirmisher (DsAK)                     Turns: 1901, Time: 00:05:10

Health: 0/37       AC: 11    Str: 11 (12) XL:     4   Next: 38%
Magic:  6/6        EV:  5    Int: 12 (13) God:    Lugonu [*.....]
Gold:   197        SH:  0    Dex: 11 (14) Spells: 0 memorised, 3 levels left

rFire  . . .     SeeInvis .     a - +1 falchion
rCold  . . .     Gourm    .     e - +0 storm dragon scales
rNeg   . . .     Faith    .     (no shield)
rPois  .         Spirit   .     (no helmet)
rElec  +         Reflect  .     (no cloak)
rCorr  .         Harm     .     (no gloves)
MR     .....                    (no boots)
Stlth  ..........               (no amulet)
                                (no ring)
                                h - ring of flight

@: lethally poisoned (0 -> -18)
A: claws 1
a: Depart the Abyss, Renounce Religion, Evoke Flight


You were on level 3 of the Dungeon.
You worshipped Lugonu.
Lugonu was aware of your devotion.
You were not hungry.

You visited 1 branch of the dungeon, and saw 3 of its levels.
You visited the Abyss 1 time.

You collected 197 gold pieces.

Inventory:

Hand Weapons
 a - a +1 falchion (weapon)
Armour
 e - +0 storm dragon scales (worn)
Jewellery
 h - a ring of flight (left claw)
Wands
 s - a wand of random effects (24/48)
Scrolls
 d - 4 scrolls of identify {unknown}
 g - 2 scrolls of random uselessness {unknown}
 i - 4 scrolls of teleportation {unknown}
 l - 3 scrolls of magic mapping {unknown}
 m - 2 scrolls of enchant armour {unknown}
 p - 3 scrolls of remove curse {unknown}
 u - a scroll of amnesia {unknown}
 w - a scroll of fear {unknown}
Potions
 b - a potion of degeneration
 f - a potion of invisibility {unknown}
 j - a potion of mutation {unknown}
 k - a potion of flight {unknown}
 n - a potion of cancellation {unknown}
 o - a potion of berserk rage {unknown}
 q - a potion of agility {unknown}
 r - a potion of curing {unknown}
 v - 2 potions of might {unknown}
Comestibles
 c - a bread ration
 t - a beef jerky


   Skills:
 + Level 3.9 Fighting
 + Level 2.9 Long Blades
 + Level 2.2 Armour
 + Level 1.1 Dodging
 + Level 2.8 Invocations


You had 3 spell levels left.
You didn't know any spells.

Dungeon Overview and Level Annotations

Branches:
Dungeon (3/15)

Altars:
Nemelex Xobeh

Annotations:
D:2 1 runed door


Innate Abilities, Weirdness & Mutations

You have sharp fingernails.


Message History

You feel sick.
You feel very sick.
The worker ant bites you but does no damage.
* * * LOW HITPOINT WARNING * * *
You feel sick.
* * * LOW HITPOINT WARNING * * *
You feel sick.
* * * LOW HITPOINT WARNING * * *
You feel sick.
You hit the worker ant.
The worker ant is moderately wounded.
* * * LOW HITPOINT WARNING * * *
You feel sick.
The worker ant bites you but does no damage.
The worker ant bites you.
* * * LOW HITPOINT WARNING * * *
It was a potion of degeneration.
There was something very wrong with that liquid.
You feel weakened.
You feel dopey.
You feel clumsy.
You die...

#(#.#...... #######
#.#.#....#. #)....# #g#=# #(.#
#.###.# #.#.# ..# #.# #.#
#o#.. .# #.# #.### #K### # #.#
#...# #r# #.# ###.#####a# #
#.# #.#...@.####. #.#
#.#.###.#..#.########## #.#
#.#.#####..#........... #.#
#..........###......... #.#
#...####..†###.######## #.#
##.#.......†.....#....# #.#
#.#[###..####.#.#.##.# #.#
#.#.#.......#.#.#.##.#
##.######.#.#.....#.#.#...##.#


You could see a worker ant, an orc, a hobgoblin, a kobold and a rat.

Vanquished Creatures
  Jessica (D:2)
  4 adders
  2 worms
  A dart slug (D:1)
  2 leopard geckos
  4 goblins
  3 hobgoblins
  3 bats
  3 frilled lizards
  4 kobolds
  2 rats (D:1)
29 creatures vanquished.

Notes
Turn   | Place    | Note
-------+----------+-------------------------------------------
     0 | Abyss:1  | McKennaii the Demonspawn Abyssal Knight began the quest for the Orb.
     0 | Abyss:1  | Reached XP level 1. HP: 18/18 MP: 2/2
    28 | Abyss:1  | Found a bloodstained altar of Trog.
    39 | Abyss:1  | Found a shadowy altar of Dithmenos.
    84 | Abyss:1  | Noticed an orange demon
    94 | Abyss:1  | Noticed a raiju
   128 | Abyss:2  | Noticed a large abomination
   135 | Abyss:3  | Noticed a dire elephant
   135 | Abyss:3  | Noticed an elephant
   135 | Abyss:3  | Noticed a dire elephant
   135 | Abyss:3  | Noticed a spatial vortex
   135 | Abyss:3  | Noticed a spatial vortex
   135 | Abyss:3  | Noticed a yellow draconian shifter
   135 | Abyss:3  | Noticed a dire elephant
   135 | Abyss:3  | Noticed a dire elephant
   136 | D:1      | Escaped the Abyss
   432 | D:1      | Reached skill level 1 in Dodging
   432 | D:1      | Gained mutation: You have sharp fingernails. [demonic ancestry]
   432 | D:1      | Reached XP level 2. HP: 24/24 MP: 3/3
   491 | D:1      | Reached * piety under Lugonu
   579 | D:2      | Reached XP level 3. HP: 29/29 MP: 4/4
   661 | D:2      | Noticed Jessica
   952 | D:2      | Killed Jessica
   952 | D:2      | Reached XP level 4. HP: 33/37 MP: 6/6
  1073 | D:2      | Found a runed door.
  1602 | D:3      | Found a sparkling altar of Nemelex Xobeh.
  1900 | D:3      | HP: 1/37 [worker ant (3)]
  1901 | D:3      | Succumbed to a worker ant's poison

Skill      XL: |  1  2  3 |
---------------+----------+-----
Long Blades    | 2 |  2.9
Dodging        | 1 |  1.1
Armour         | 2 |  2.2
Fighting       | |  3.9
Invocations    | |  2.8

Action                   |  1- 3 |  4- 6 || total
-------------------------+-------+-------++-------
Melee: Falchion          |    75 |    46 ||   121
Invok: Depart the Abyss  |     1 |       ||     1
  Use: Potion            |       |     1 ||     1
  Eat: Chunk             |       |     3 ||     3
Armor: Storm dragon scal |    74 |    18 ||    92
Dodge: Dodged            |    39 |    13 ||    52
       Rpst.: Falchion   |    12 |     5 ||    17
